Devils vs Red Wings

Created - 10 février 2020 at 19:58

Goals
1 2 3 T
Devils 1 0 0 1
Red Wings 2 1 3 6
Shots
1 2 3 T
Devils 12 6 17 35
Red Wings 14 6 6 26

1st period

1. Red Wings , David Pastrnak 14 (Mark Scheifele 21) at 0:14
2. Red Wings , John Tavares 21 (Kasperi Kapanen 10) at 2:50
3. Devils , Johnny Gaudreau 25 (Patrice Bergeron 22, Jeff Skinner 32) at 5:52 (PP)

Penalties :
Lars Eller (DET) for Hooking (Minor) at 4:59

2nd period

4. Red Wings , Nick Bonino 16 (Duncan Keith 14) at 11:41

Penalties :
Zdeno Chara (DET) for High sticking (Minor) at 0:35

3rd period

5. Red Wings , Mark Scheifele 23 (Steven Santini 3) at 1:44
6. Red Wings , David Pastrnak 15 (Mark Scheifele 22) at 10:08
7. Red Wings , Brandon Dubinsky 10 (Dylan DeMelo 8) at 16:36

Penalties :
John Carlson (DET) for Tripping (Minor) at 17:42

Goalie Stats

Sergei Bobrovsky (NJD), 20 saves from 26 shots - (0,769), L, 23-13-6, 60:00 minutes
Marc-Andre Fleury (DET), 34 saves from 35 shots - (0,971), W, 26-11-3, 60:00 minutes

Players Stats for Devils

Player Name              G  A  P  +/- PIM S  H  SB GA TA FO     MP     PP MP  PK MP  
------------------------------------------------------------------------------------
Alex DeBrincat           0  0  0  -1  0   6  1  0  1  0  0/0    21:04   2:37   0:00 
Alex Goligoski           0  0  0  -1  0   0  1  1  1  1  0/0    12:23   1:59   0:00 
Andrew Mangiapane        0  0  0  -1  0   1  1  0  0  1  0/0     8:10   0:00   0:00 
Anze Kopitar             0  0  0  -3  0   3  2  0  0  1  14/31  20:18   2:37   0:00 
Brandon Carlo            0  0  0  -3  0   1  4  1  0  1  0/0    22:02   1:59   0:00 
Brayden Point            0  0  0  -3  0   2  0  1  1  0  0/0    20:18   2:37   0:00 
Cal O'Reilly             0  0  0  -1  0   2  0  1  1  0  2/3     8:10   0:00   0:00 
Dominik Kahun            0  0  0  -1  0   1  1  0  1  0  0/1    12:09   0:00   0:00 
Jared Spurgeon           0  0  0  -4  0   2  2  3  0  0  0/0    26:54   2:52   0:00 
Jeff Skinner             0  1  1  -1  0   1  1  0  0  0  3/3    19:41   2:14   0:00 
Johnny Gaudreau          1  0  1  -3  0   2  0  1  0  2  0/0    18:31   2:14   0:00 
Kevin Connauton          0  0  0  -1  0   2  2  2  0  1  0/0    23:47   0:00   0:00 
Kyle Turris              0  0  0  -1  0   3  1  0  0  0  0/0    11:57   0:00   0:00 
Patrice Bergeron         0  1  1  -1  0   4  2  0  1  0  16/25  19:41   2:14   0:00 
Roope Hintz              0  0  0  -1  0   0  2  0  0  0  0/0     8:10   0:00   0:00 
Sam Steel                0  0  0  -1  0   2  0  1  0  1  1/6    11:51   0:00   0:00 
Thomas Hickey            0  0  0  -1  0   1  0  2  1  0  0/0    10:28   0:00   0:00 
Torey Krug               0  0  0  -2  0   2  3  0  0  1  0/0    24:26   2:52   0:00 

Players Stats for Red Wings

Player Name              G  A  P  +/- PIM S  H  SB GA TA FO     MP     PP MP  PK MP  
------------------------------------------------------------------------------------
Brandon Dubinsky         1  0  1   1  0   1  1  0  0  1  5/9    11:56   0:00   1:48 
Daniel Carr              0  0  0   1  0   0  3  0  1  0  0/2    15:26   0:00   0:00 
David Pastrnak           2  0  2   3  0   4  2  0  1  0  1/3    17:58   0:00   0:15 
Duncan Keith             0  1  1   2  0   1  4  1  0  0  0/0    20:06   0:00   1:54 
Dylan DeMelo             0  1  1   2  0   1  0  1  0  1  0/0    16:16   0:00   0:00 
Jeff Petry               0  0  0   1  0   1  1  2  1  2  0/0    22:26   0:00   2:57 
John Carlson             0  0  0   2  2   3  0  0  0  0  0/0    22:49   0:00   1:51 
John Tavares             1  0  1   1  0   1  0  0  2  1  7/20   15:26   0:00   0:00 
Kasperi Kapanen          0  1  1   1  0   2  1  3  1  0  0/1    14:00   0:00   0:00 
Lars Eller               0  0  0   3  2   1  1  2  0  0  1/1    18:30   0:00   1:06 
Mark Scheifele           1  2  3   3  0   3  2  0  0  0  9/15   17:25   0:00   0:00 
Matthew Nieto            0  0  0   1  0   3  0  0  1  0  0/0    15:21   0:00   2:50 
Nick Bonino              1  0  1   1  0   2  0  1  0  1  10/18  16:33   0:00   2:57 
Noel Acciari             0  0  0   1  0   1  1  1  0  0  0/0     9:29   0:00   0:00 
Oscar Lindberg           0  0  0   1  0   1  0  0  1  0  0/0     9:29   0:00   0:00 
Sam Gagner               0  0  0   1  0   1  0  0  0  0  0/0    12:11   0:00   0:46 
Slater Koekkoek          0  0  0   1  0   0  0  0  0  1  0/0     1:40   0:00   0:10 
Steven Santini           0  1  1   2  0   0  1  1  1  0  0/0    19:15   0:00   1:53 
Zdeno Chara              0  0  0   2  2   0  0  2  0  0  0/0    18:50   0:00   0:57 

3 Stars

1 - David Pastrnak (DET)
2 - Mark Scheifele (DET)
3 - Marc-Andre Fleury (DET)

Power Play

Devils - 1 on 3 Attempt(s) - 33,33%
Red Wings - 0 on 0 Attempt(s) - 0,00%

Penalty Kill

Devils - 0 on 0 Attempt(s) - 0,00% - Score 0 goal in Penalty Kill
Red Wings - 2 on 3 Attempt(s) - 66,67% - Score 0 goal in Penalty Kill

Team Stat

Devils - Hits : 23 - Faceoff Wins : 36 - Blocked Shots : 13 - Penalty Minutes : 0
Red Wings - Hits : 17 - Faceoff Wins : 33 - Blocked Shots : 14 - Penalty Minutes : 6

Official

Referees : Dave Lewis and Brad Meier
Linesman : Ryan Galloway and Don Henderson

Game Notes

Kasperi Kapanen is injured at 12:18 of 3rd period (Strained Right Knee)

Finance

Level 1 -- Attendance: 3706 (61,77%) -- Ticket Income 481 780 $
Level 2 -- Attendance: 3231 (64,62%) -- Ticket Income 274 635 $
Level 3 -- Attendance: 1170 (58,50%) -- Ticket Income 58 500 $
Level 4 -- Attendance: 3288 (82,20%) -- Ticket Income 82 200 $
Luxury Box -- Attendance: 578 (57,80%) -- Ticket Income 144 500 $
Game was played at the Octopus Arena.
Total Attendance: 11973 (66,52%)
Total Ticket Income: 1 041 615 $
Other Income: 510 391 $
Total Income: 1 552 006 $

Devils

5 vs 5 Forward 
   Center                   Left Wing                Right Wing               Time % Phy DF OF 
 1 Anze Kopitar             Johnny Gaudreau          Brayden Point            33     0   1  4  
 2 Patrice Bergeron         Alex DeBrincat           Jeff Skinner             33     0   1  4  
 3 Sam Steel                Dominik Kahun            Kyle Turris              23     0   2  3  
 4 Cal O'Reilly             Roope Hintz              Andrew Mangiapane        11     0   2  3  

5 vs 5 Defense 
   Defense                  Defense                                           Time % Phy DF OF 
 1 Jared Spurgeon           Brandon Carlo                                     37     0   2  3  
 2 Kevin Connauton          Torey Krug                                        37     0   2  3  
 3 Thomas Hickey            Alex Goligoski                                    18     1   3  1  
 4 Jared Spurgeon           Kevin Connauton                                   8      1   3  1  

PowerPlay Forward 
   Center                   Left Wing                Right Wing               Time % Phy DF OF 
 1 Anze Kopitar             Alex DeBrincat           Brayden Point            50     0   0  5  
 2 Patrice Bergeron         Johnny Gaudreau          Jeff Skinner             50     0   0  5  

PowerPlay Defense
   Defense                  Defense                                           Time % Phy DF OF 
 1 Torey Krug               Jared Spurgeon                                    67     0   0  5  
 2 Alex Goligoski           Brandon Carlo                                     33     0   0  5  

Penalty Kill 4 Players Forward 
   Center                   Wing                     Time % Phy DF OF 
 1 Cal O'Reilly             Roope Hintz              60     1   4  0  
 2 Sam Steel                Andrew Mangiapane        40     1   4  0  

Penalty Kill 4 Players Defense
   Defense                  Defense                  Time % Phy DF OF 
 1 Brandon Carlo            Kevin Connauton          55     1   4  0  
 2 Jared Spurgeon           Thomas Hickey            45     1   4  0  

Penalty Kill - 3 Players Forward 
   Forward                                           Time % Phy DF OF 
 1 Cal O'Reilly                                      60     0   5  0  
 2 Sam Steel                                         40     0   5  0  

Penalty Kill - 3 Players Defense
   Defense                  Defense                  Time % Phy DF OF 
 1 Kevin Connauton          Brandon Carlo            59     1   4  0  
 2 Alex Goligoski           Jared Spurgeon           41     1   4  0  

4 vs 4 Forward 
   Center                   Wing                     Time % Phy DF OF 
 1 Patrice Bergeron         Johnny Gaudreau          50     0   1  4  
 2 Anze Kopitar             Brayden Point            50     0   1  4  

4 vs 4 Defense
   Defense                  Defense                  Time % Phy DF OF 
 1 Torey Krug               Brandon Carlo            55     1   2  2  
 2 Jared Spurgeon           Kevin Connauton          45     1   2  2  

Last Minutes Offensive
   Center                   Left Wing                Right Wing               Defense                  Defense                  
   Patrice Bergeron         Brayden Point            Johnny Gaudreau          Torey Krug               Jared Spurgeon           

Last Minutes Defensive
   Center                   Left Wing                Right Wing               Defense                  Defense                  
   Anze Kopitar             Brayden Point            Cal O'Reilly             Thomas Hickey            Brandon Carlo            

Goaltenders
Starting : Sergei Bobrovsky         
Backup : Jimmy Howard             

Extra Forwards
Normal : Brayden Point, Patrice Bergeron, Kyle Turris - PP : Brayden Point, Patrice Bergeron - PK : Kyle Turris
Extra Defensemen
Normal : Kevin Connauton, Brandon Carlo, Jared Spurgeon - PP : Kevin Connauton - PK : Kevin Connauton, Jared Spurgeon
Penalty Shots
Alex Goligoski, Anze Kopitar, Thomas Hickey, Brayden Point, Patrice Bergeron
Custom OT Lines Forwards
Roope Hintz, Brayden Point, Jeff Skinner, Sam Steel, Alex DeBrincat, Anze Kopitar, Patrice Bergeron, Cal O'Reilly, Kyle Turris, Johnny Gaudreau
Custom OT Lines Defensemen
Torey Krug, Brandon Carlo, Jared Spurgeon, Alex Goligoski, Kevin Connauton

Scratches
Neal Pionk (Healthy), Michael Del Zotto (Healthy)

Red Wings

5 vs 5 Forward 
   Center                   Left Wing                Right Wing               Time % Phy DF OF 
 1 Mark Scheifele           David Pastrnak           Lars Eller               35     1   2  2  
 2 John Tavares             Daniel Carr              Kasperi Kapanen          30     1   2  2  
 3 Nick Bonino              Sam Gagner               Matthew Nieto            23     1   2  2  
 4 Brandon Dubinsky         Oscar Lindberg           Noel Acciari             12     1   2  2  

5 vs 5 Defense 
   Defense                  Defense                                           Time % Phy DF OF 
 1 John Carlson             Jeff Petry                                        35     1   2  2  
 2 Duncan Keith             Zdeno Chara                                       33     1   2  2  
 3 Dylan DeMelo             Steven Santini                                    30     1   2  2  
 4 John Carlson             Slater Koekkoek                                   2      1   2  2  

PowerPlay Forward 
   Center                   Left Wing                Right Wing               Time % Phy DF OF 
 1 Mark Scheifele           David Pastrnak           Lars Eller               60     1   2  2  
 2 John Tavares             Daniel Carr              Kasperi Kapanen          40     1   2  2  

PowerPlay Defense
   Defense                  Defense                                           Time % Phy DF OF 
 1 John Carlson             Jeff Petry                                        60     1   2  2  
 2 Duncan Keith             Zdeno Chara                                       40     1   2  2  

Penalty Kill 4 Players Forward 
   Center                   Wing                     Time % Phy DF OF 
 1 Nick Bonino              Matthew Nieto            60     1   2  2  
 2 Brandon Dubinsky         Lars Eller               40     1   2  2  

Penalty Kill 4 Players Defense
   Defense                  Defense                  Time % Phy DF OF 
 1 John Carlson             Jeff Petry               60     1   2  2  
 2 Duncan Keith             Zdeno Chara              40     1   2  2  

Penalty Kill - 3 Players Forward 
   Forward                                           Time % Phy DF OF 
 1 Nick Bonino                                       60     1   2  2  
 2 Brandon Dubinsky                                  40     1   2  2  

Penalty Kill - 3 Players Defense
   Defense                  Defense                  Time % Phy DF OF 
 1 John Carlson             Jeff Petry               60     1   2  2  
 2 Duncan Keith             Zdeno Chara              40     1   2  2  

4 vs 4 Forward 
   Center                   Wing                     Time % Phy DF OF 
 1 Mark Scheifele           John Tavares             60     1   2  2  
 2 David Pastrnak           Lars Eller               40     1   2  2  

4 vs 4 Defense
   Defense                  Defense                  Time % Phy DF OF 
 1 John Carlson             Jeff Petry               60     1   2  2  
 2 Duncan Keith             Zdeno Chara              40     1   2  2  

Last Minutes Offensive
   Center                   Left Wing                Right Wing               Defense                  Defense                  
   Mark Scheifele           David Pastrnak           Lars Eller               John Carlson             Jeff Petry               

Last Minutes Defensive
   Center                   Left Wing                Right Wing               Defense                  Defense                  
   Nick Bonino              Matthew Nieto            Lars Eller               John Carlson             Jeff Petry               

Goaltenders
Starting : Marc-Andre Fleury        
Backup : Carter Hart              

Extra Forwards
Normal : Kasperi Kapanen, Nick Bonino, Sam Gagner - PP : Kasperi Kapanen, Nick Bonino - PK : Sam Gagner
Extra Defensemen
Normal : Dylan DeMelo, Steven Santini, Slater Koekkoek - PP : Dylan DeMelo - PK : Steven Santini, Slater Koekkoek
Penalty Shots
Mark Scheifele, John Tavares, David Pastrnak, Lars Eller, Nick Bonino
Custom OT Lines Forwards
Mark Scheifele, John Tavares, David Pastrnak, Lars Eller, Nick Bonino, Daniel Carr, Kasperi Kapanen, Sam Gagner, Matthew Nieto, Brandon Dubinsky
Custom OT Lines Defensemen
John Carlson, Jeff Petry, Duncan Keith, Zdeno Chara, Dylan DeMelo

Scratches
Sami Vatanen (Healthy)

% Time on Ice - Devils

Lines # - Real PCT - Wanted PCT - Time Play
Normal Forward
1 - 32% - 33% - 17:41
2 - 32% - 33% - 17:27
3 - 21% - 23% - 11:51
4 - 15% - 11% - 8:10
Normal Defense
1 - 37% - 37% - 20:38
2 - 36% - 37% - 19:59
3 - 19% - 18% - 10:28
4 - 7% - 8% - 4:04
PP Forward
1 - 54% - 50% - 2:37
2 - 46% - 50% - 2:14
PP Defense
1 - 59% - 67% - 2:52
2 - 41% - 33% - 1:59
PK Forward
1 - 0% - 60%
2 - 0% - 40%
PK Defense
1 - 0% - 55%
2 - 0% - 45%
PK3 Forward
1 - 0% - 60%
2 - 0% - 40%
PK3 Defense
1 - 0% - 59%
2 - 0% - 41%
44 Forward
1 - 0% - 50%
2 - 0% - 50%
44 Defense
1 - 0% - 55%
2 - 0% - 45%
Last Minute Offensive  - 0:00
Last Minute Defensive  - 0:00
Total
Forward - 60:00
Defense - 60:00

% Time on Ice - Red Wings

Lines # - Real PCT - Wanted PCT - Time Play
Normal Forward
1 - 34% - 35% - 18:49
2 - 28% - 30% - 15:26
3 - 21% - 23% - 11:25
4 - 17% - 12% - 9:29
Normal Defense
1 - 36% - 35% - 19:47
2 - 32% - 33% - 17:54
3 - 29% - 30% - 16:16
4 - 2% - 2% - 1:12
PP Forward
1 - 0% - 60%
2 - 0% - 40%
PP Defense
1 - 0% - 60%
2 - 0% - 40%
PK Forward
1 - 73% - 60% - 3:31
2 - 27% - 40% - 1:20
PK Defense
1 - 64% - 60% - 3:07
2 - 36% - 40% - 1:44
PK3 Forward
1 - 0% - 60%
2 - 0% - 40%
PK3 Defense
1 - 0% - 60%
2 - 0% - 40%
44 Forward
1 - 0% - 60%
2 - 0% - 40%
44 Defense
1 - 0% - 60%
2 - 0% - 40%
Last Minute Offensive  - 0:00
Last Minute Defensive  - 0:00
Total
Forward - 60:00
Defense - 60:00

Play-by-Play

1st period


0:01 of 1st period - Mark Scheifele wins face-off versus Anze Kopitar in neutral zone.
0:14 of 1st period - Snap shot by David Pastrnak.
0:14 of 1st period - Goal by David Pastrnak - Devils : 0 - Red Wings : 1.
0:15 of 1st period - John Tavares wins face-off versus Patrice Bergeron in neutral zone.
0:18 of 1st period - Patrice Bergeron is hit by Duncan Keith and loses puck.
0:46 of 1st period - Snap shot by Alex DeBrincat.
0:46 of 1st period - Shot Blocked by Zdeno Chara.
0:48 of 1st period - Slapshot by Thomas Hickey.
0:48 of 1st period - Stopped by Marc-Andre Fleury without a rebound.
0:49 of 1st period - Nick Bonino wins face-off versus Dominik Kahun in Red Wings zone.
1:21 of 1st period - Snap shot by Brayden Point.
1:21 of 1st period - Shot Misses the Net.
1:43 of 1st period - Slapshot by Jared Spurgeon.
1:43 of 1st period - Stopped by Marc-Andre Fleury without a rebound.
1:44 of 1st period - Brandon Dubinsky wins face-off versus Sam Steel in Red Wings zone.
2:15 of 1st period - Kevin Connauton is hit by Duncan Keith and loses puck.
2:38 of 1st period - Snap shot by Brayden Point.
2:38 of 1st period - Shot Blocked by Lars Eller.
2:50 of 1st period - Slapshot by John Tavares.
2:50 of 1st period - Goal by John Tavares - Devils : 0 - Red Wings : 2.
2:51 of 1st period - John Tavares wins face-off versus Anze Kopitar in neutral zone.
3:22 of 1st period - Brandon Carlo is hit by David Pastrnak and loses puck.
3:40 of 1st period - Matthew Nieto is hit by Alex Goligoski and loses puck.
4:38 of 1st period - Icing by Kasperi Kapanen.
4:39 of 1st period - John Tavares wins face-off versus Patrice Bergeron in Red Wings zone.
4:44 of 1st period - Backhand shot by Patrice Bergeron.
4:44 of 1st period - Shot Blocked by Jeff Petry.
4:54 of 1st period - Snap shot by Jeff Skinner.
4:54 of 1st period - Shot Misses the Net.
4:59 of 1st period - Minor Penalty to Lars Eller for Hooking.
5:00 of 1st period - Nick Bonino wins face-off versus Anze Kopitar in Red Wings zone.
5:26 of 1st period - John Carlson is hit by Jeff Skinner and loses puck.
5:42 of 1st period - Icing by Brandon Carlo.
5:43 of 1st period - Patrice Bergeron wins face-off versus Brandon Dubinsky in Devils zone.
5:52 of 1st period - Snap shot by Johnny Gaudreau.
5:52 of 1st period - Goal by Johnny Gaudreau - Devils : 1 - Red Wings : 2.
5:53 of 1st period - Anze Kopitar wins face-off versus David Pastrnak in neutral zone.
5:56 of 1st period - Snap shot by Brayden Point.
5:56 of 1st period - Shot Misses the Net.
5:58 of 1st period - Backhand shot by Brayden Point.
5:58 of 1st period - Stopped by Marc-Andre Fleury without a rebound.
5:59 of 1st period - Anze Kopitar wins face-off versus Mark Scheifele in Red Wings zone.
6:55 of 1st period - Snap shot by Jeff Skinner.
6:55 of 1st period - Stopped by Marc-Andre Fleury without a rebound.
6:56 of 1st period - Nick Bonino wins face-off versus Anze Kopitar in Red Wings zone.
6:56 of 1st period - Nick Bonino is hit by Torey Krug.
7:04 of 1st period - Slapshot by John Carlson.
7:04 of 1st period - Stopped by Sergei Bobrovsky without a rebound.
7:05 of 1st period - Nick Bonino wins face-off versus Anze Kopitar in Devils zone.
7:46 of 1st period - Slapshot by John Carlson.
7:46 of 1st period - Shot Misses the Net.
7:48 of 1st period - Slapshot by Matthew Nieto.
7:48 of 1st period - Stopped by Sergei Bobrovsky without a rebound.
7:49 of 1st period - Patrice Bergeron wins face-off versus Mark Scheifele in Devils zone.
8:00 of 1st period - Snap shot by David Pastrnak.
8:00 of 1st period - Stopped by Sergei Bobrovsky without a rebound.
8:01 of 1st period - Patrice Bergeron wins face-off versus Kasperi Kapanen in Devils zone.
8:39 of 1st period - Brandon Carlo is hit by David Pastrnak and loses puck.
8:57 of 1st period - Wrist shot by Andrew Mangiapane.
8:57 of 1st period - Shot Misses the Net.
9:43 of 1st period - Slapshot by Patrice Bergeron.
9:43 of 1st period - Shot Misses the Net.
10:43 of 1st period - Snap shot by Brayden Point.
10:43 of 1st period - Stopped by Marc-Andre Fleury with a rebound.
11:13 of 1st period - Snap shot by Kasperi Kapanen.
11:13 of 1st period - Stopped by Sergei Bobrovsky without a rebound.
11:14 of 1st period - Sam Steel wins face-off versus David Pastrnak in Devils zone.
11:23 of 1st period - Snap shot by Kyle Turris.
11:23 of 1st period - Stopped by Marc-Andre Fleury with a rebound.
11:32 of 1st period - Icing by David Pastrnak.
11:33 of 1st period - Mark Scheifele wins face-off versus Patrice Bergeron in Red Wings zone.
11:44 of 1st period - Slapshot by Mark Scheifele.
11:44 of 1st period - Shot Misses the Net.
12:06 of 1st period - Mark Scheifele is hit by Kyle Turris and loses puck.
12:30 of 1st period - Snap shot by Jeff Petry.
12:30 of 1st period - Deflect By Thomas Hickey.
12:30 of 1st period - Stopped by Sergei Bobrovsky with a rebound.
12:32 of 1st period - Wrist shot by John Carlson.
12:32 of 1st period - Shot Misses the Net.
12:34 of 1st period - Wrist shot by John Tavares.
12:34 of 1st period - Deflect By Kasperi Kapanen.
12:34 of 1st period - Shot Misses the Net.
12:34 of 1st period - Puck is out of play.
12:35 of 1st period - Brandon Dubinsky wins face-off versus Patrice Bergeron in Devils zone.
12:44 of 1st period - Slapshot by Duncan Keith.
12:44 of 1st period - Stopped by Sergei Bobrovsky with a rebound.
12:46 of 1st period - Snap shot by Noel Acciari.
12:46 of 1st period - Stopped by Sergei Bobrovsky without a rebound.
12:47 of 1st period - John Tavares wins face-off versus Patrice Bergeron in Devils zone.
12:50 of 1st period - Snap shot by John Tavares.
12:50 of 1st period - Deflect By Jared Spurgeon.
12:50 of 1st period - Shot Misses the Net.
12:50 of 1st period - Puck is out of play.
12:51 of 1st period - Patrice Bergeron wins face-off versus Daniel Carr in Devils zone.
12:56 of 1st period - Snap shot by Kasperi Kapanen.
12:56 of 1st period - Stopped by Sergei Bobrovsky without a rebound.
12:57 of 1st period - Patrice Bergeron wins face-off versus John Tavares in Devils zone.
12:57 of 1st period - Patrice Bergeron is hit by Daniel Carr.
13:43 of 1st period - Kevin Connauton is hit by Kasperi Kapanen and loses puck.
13:52 of 1st period - Kasperi Kapanen is hit by Patrice Bergeron and loses puck.
14:19 of 1st period - Wrist shot by Alex DeBrincat.
14:19 of 1st period - Stopped by Marc-Andre Fleury with a rebound.
14:21 of 1st period - Slapshot by Kevin Connauton.
14:21 of 1st period - Stopped by Marc-Andre Fleury without a rebound.
14:22 of 1st period - Lars Eller wins face-off versus Anze Kopitar in Red Wings zone.
14:27 of 1st period - Slapshot by David Pastrnak.
14:27 of 1st period - Deflect By Lars Eller.
14:27 of 1st period - Shot Misses the Net.
14:27 of 1st period - Puck is out of play.
14:28 of 1st period - Anze Kopitar wins face-off versus Mark Scheifele in Devils zone.
14:43 of 1st period - Snap shot by David Pastrnak.
14:43 of 1st period - Deflect By Brayden Point.
14:43 of 1st period - Shot Misses the Net.
14:43 of 1st period - Puck is out of play.
14:44 of 1st period - Nick Bonino wins face-off versus Sam Steel in Devils zone.
14:47 of 1st period - Wrist shot by Matthew Nieto.
14:47 of 1st period - Shot Misses the Net.
14:49 of 1st period - Snap shot by Matthew Nieto.
14:49 of 1st period - Shot Blocked by Thomas Hickey.
14:51 of 1st period - Slapshot by Matthew Nieto.
14:51 of 1st period - Shot Misses the Net.
14:53 of 1st period - Snap shot by Matthew Nieto.
14:53 of 1st period - Shot Blocked by Sam Steel.
14:55 of 1st period - Slapshot by Nick Bonino.
14:55 of 1st period - Shot Misses the Net.
14:57 of 1st period - Backhand shot by Matthew Nieto.
14:57 of 1st period - Stopped by Sergei Bobrovsky without a rebound.
14:58 of 1st period - David Pastrnak wins face-off versus Anze Kopitar in Devils zone.
15:01 of 1st period - Wrist shot by David Pastrnak.
15:01 of 1st period - Stopped by Sergei Bobrovsky without a rebound.
15:02 of 1st period - Anze Kopitar wins face-off versus Mark Scheifele in Devils zone.
15:29 of 1st period - Wrist shot by Brayden Point.
15:29 of 1st period - Shot Blocked by Steven Santini.
15:31 of 1st period - Snap shot by Brandon Carlo.
15:31 of 1st period - Deflect By Sam Steel.
15:31 of 1st period - Stopped by Marc-Andre Fleury without a rebound.
15:32 of 1st period - Nick Bonino wins face-off versus Sam Steel in Red Wings zone.
15:47 of 1st period - John Carlson is hit by Torey Krug and loses puck.
16:03 of 1st period - David Pastrnak is hit by Brandon Carlo and loses puck.
17:11 of 1st period - Snap shot by Sam Steel.
17:11 of 1st period - Shot Misses the Net.
17:13 of 1st period - Slapshot by Kevin Connauton.
17:13 of 1st period - Deflect By David Pastrnak.
17:13 of 1st period - Stopped by Marc-Andre Fleury with a rebound.
17:15 of 1st period - Slapshot by Kevin Connauton.
17:15 of 1st period - Shot Misses the Net.
17:17 of 1st period - Snap shot by Dominik Kahun.
17:17 of 1st period - Stopped by Marc-Andre Fleury without a rebound.
17:18 of 1st period - Anze Kopitar wins face-off versus Nick Bonino in Red Wings zone.
17:31 of 1st period - Brayden Point is hit by Duncan Keith and loses puck.
17:45 of 1st period - Off-side.
17:46 of 1st period - Mark Scheifele wins face-off versus Sam Steel in neutral zone.
18:38 of 1st period - John Carlson is hit by Dominik Kahun and loses puck.
19:01 of 1st period - Slapshot by David Pastrnak.
19:01 of 1st period - Deflect By Mark Scheifele.
19:01 of 1st period - Stopped by Sergei Bobrovsky with a rebound.
19:03 of 1st period - Wrist shot by Lars Eller.
19:03 of 1st period - Shot Blocked by Jared Spurgeon.
19:19 of 1st period - Slapshot by Mark Scheifele.
19:19 of 1st period - Shot Blocked by Brandon Carlo.
19:35 of 1st period - Slapshot by Mark Scheifele.
19:35 of 1st period - Stopped by Sergei Bobrovsky with a rebound.
Goals for this period are 1 for Devils vs 2 for Red Wings.
Shots for this period are 12 for Devils vs 14 for Red Wings.

2nd period


0:01 of 2nd period - Anze Kopitar wins face-off versus John Tavares in neutral zone.
0:06 of 2nd period - Icing by Daniel Carr.
0:07 of 2nd period - Anze Kopitar wins face-off versus John Tavares in Red Wings zone.
0:35 of 2nd period - Minor Penalty to Zdeno Chara for High sticking.
0:36 of 2nd period - Patrice Bergeron wins face-off versus Nick Bonino in Red Wings zone.
1:08 of 2nd period - Matthew Nieto is hit by Torey Krug.
1:12 of 2nd period - Wrist shot by Anze Kopitar.
1:12 of 2nd period - Deflect By Brayden Point.
1:12 of 2nd period - Shot Misses the Net.
1:12 of 2nd period - Puck is out of play.
1:13 of 2nd period - Patrice Bergeron wins face-off versus Brandon Dubinsky in Red Wings zone.
1:16 of 2nd period - Wrist shot by Patrice Bergeron.
1:16 of 2nd period - Shot Blocked by Lars Eller.
1:18 of 2nd period - Slapshot by Brandon Carlo.
1:18 of 2nd period - Stopped by Marc-Andre Fleury with a rebound.
1:51 of 2nd period - Wrist shot by Lars Eller.
1:51 of 2nd period - Stopped by Sergei Bobrovsky without a rebound.
1:52 of 2nd period - Brandon Dubinsky wins face-off versus Anze Kopitar in Devils zone.
2:35 of 2nd period - Penalty to Zdeno Chara is over, Zdeno Chara is back on ice.
3:28 of 2nd period - Slapshot by Anze Kopitar.
3:28 of 2nd period - Stopped by Marc-Andre Fleury with a rebound.
3:40 of 2nd period - Wrist shot by Anze Kopitar.
3:40 of 2nd period - Deflect By Alex DeBrincat.
3:40 of 2nd period - Shot Misses the Net.
3:40 of 2nd period - Puck is out of play.
3:41 of 2nd period - Cal O'Reilly wins face-off versus John Tavares in Red Wings zone.
3:56 of 2nd period - Slapshot by John Carlson.
3:56 of 2nd period - Shot Blocked by Cal O'Reilly.
4:08 of 2nd period - Slapshot by John Carlson.
4:08 of 2nd period - Stopped by Sergei Bobrovsky without a rebound.
4:09 of 2nd period - Brandon Dubinsky wins face-off versus Sam Steel in Devils zone.
5:10 of 2nd period - Slapshot by John Carlson.
5:10 of 2nd period - Shot Misses the Net.
5:52 of 2nd period - Dylan DeMelo is hit by Jared Spurgeon and loses puck.
6:40 of 2nd period - Patrice Bergeron is hit by Brandon Dubinsky and loses puck.
7:54 of 2nd period - Alex Goligoski is hit by Jeff Petry and loses puck.
8:47 of 2nd period - Noel Acciari is hit by Patrice Bergeron and loses puck.
9:09 of 2nd period - Brandon Dubinsky is hit by Jared Spurgeon and loses puck.
9:20 of 2nd period - Zdeno Chara is hit by Andrew Mangiapane and loses puck.
11:25 of 2nd period - Icing by David Pastrnak.
11:26 of 2nd period - Nick Bonino wins face-off versus Anze Kopitar in Red Wings zone.
11:31 of 2nd period - Off-side.
11:32 of 2nd period - Anze Kopitar wins face-off versus Nick Bonino in neutral zone.
11:41 of 2nd period - Wrist shot by Nick Bonino.
11:41 of 2nd period - Goal by Nick Bonino - Devils : 1 - Red Wings : 3.
11:42 of 2nd period - Patrice Bergeron wins face-off versus Nick Bonino in neutral zone.
12:07 of 2nd period - Johnny Gaudreau is hit by Daniel Carr and loses puck.
12:30 of 2nd period - Wrist shot by Dominik Kahun.
12:30 of 2nd period - Shot Misses the Net.
12:40 of 2nd period - Slapshot by John Carlson.
12:40 of 2nd period - Stopped by Sergei Bobrovsky with a rebound.
13:08 of 2nd period - Zdeno Chara is hit by Brandon Carlo and loses puck.
13:19 of 2nd period - Wrist shot by Nick Bonino.
13:19 of 2nd period - Stopped by Sergei Bobrovsky with a rebound.
13:21 of 2nd period - Slapshot by Zdeno Chara.
13:21 of 2nd period - Shot Misses the Net.
13:23 of 2nd period - Wrist shot by Brandon Dubinsky.
13:23 of 2nd period - Shot Blocked by Thomas Hickey.
13:25 of 2nd period - Slapshot by Zdeno Chara.
13:25 of 2nd period - Deflect By Oscar Lindberg.
13:25 of 2nd period - Shot Misses the Net.
13:25 of 2nd period - Puck is out of play.
13:26 of 2nd period - Patrice Bergeron wins face-off versus Brandon Dubinsky in Devils zone.
13:39 of 2nd period - Jeff Skinner is hit by Noel Acciari and loses puck.
13:48 of 2nd period - Snap shot by Oscar Lindberg.
13:48 of 2nd period - Shot Blocked by Johnny Gaudreau.
13:50 of 2nd period - Snap shot by Noel Acciari.
13:50 of 2nd period - Shot Blocked by Kevin Connauton.
14:30 of 2nd period - Snap shot by Oscar Lindberg.
14:30 of 2nd period - Deflect By Torey Krug.
14:30 of 2nd period - Shot Misses the Net.
14:30 of 2nd period - Puck is out of play.
14:31 of 2nd period - Patrice Bergeron wins face-off versus John Tavares in Devils zone.
14:40 of 2nd period - Wrist shot by Patrice Bergeron.
14:40 of 2nd period - Stopped by Marc-Andre Fleury without a rebound.
14:41 of 2nd period - Patrice Bergeron wins face-off versus John Tavares in Red Wings zone.
14:46 of 2nd period - Snap shot by Alex DeBrincat.
14:46 of 2nd period - Stopped by Marc-Andre Fleury without a rebound.
14:47 of 2nd period - Patrice Bergeron wins face-off versus John Tavares in Red Wings zone.
14:48 of 2nd period - Wrist shot by Jeff Skinner.
14:48 of 2nd period - Shot Misses the Net.
14:50 of 2nd period - Wrist shot by Jeff Skinner.
14:50 of 2nd period - Shot Misses the Net.
15:35 of 2nd period - Slapshot by Oscar Lindberg.
15:35 of 2nd period - Stopped by Sergei Bobrovsky with a rebound.
16:46 of 2nd period - Slapshot by Johnny Gaudreau.
16:46 of 2nd period - Stopped by Marc-Andre Fleury without a rebound.
16:47 of 2nd period - John Tavares wins face-off versus Patrice Bergeron in Red Wings zone.
16:54 of 2nd period - Snap shot by John Tavares.
16:54 of 2nd period - Shot Misses the Net.
17:00 of 2nd period - Slapshot by Torey Krug.
17:00 of 2nd period - Shot Misses the Net.
17:02 of 2nd period - Slapshot by Alex DeBrincat.
17:02 of 2nd period - Shot Blocked by Kasperi Kapanen.
17:04 of 2nd period - Snap shot by Jeff Skinner.
17:04 of 2nd period - Shot Blocked by Kasperi Kapanen.
18:20 of 2nd period - Wrist shot by Cal O'Reilly.
18:20 of 2nd period - Stopped by Marc-Andre Fleury without a rebound.
18:21 of 2nd period - Mark Scheifele wins face-off versus Cal O'Reilly in Red Wings zone.
19:41 of 2nd period - Zdeno Chara is hit by Roope Hintz and loses puck.
19:56 of 2nd period - Oscar Lindberg is hit by Anze Kopitar and loses puck.
Goals for this period are 0 for Devils vs 1 for Red Wings.
Shots for this period are 6 for Devils vs 6 for Red Wings.

3rd period


0:01 of 3rd period - John Tavares wins face-off versus Patrice Bergeron in neutral zone.
0:26 of 3rd period - Torey Krug is hit by Steven Santini and loses puck.
0:31 of 3rd period - Wrist shot by Nick Bonino.
0:31 of 3rd period - Shot Misses the Net.
0:33 of 3rd period - Snap shot by Sam Gagner.
0:33 of 3rd period - Stopped by Sergei Bobrovsky without a rebound.
0:34 of 3rd period - Mark Scheifele wins face-off versus Anze Kopitar in Devils zone.
0:43 of 3rd period - Mark Scheifele is hit by Anze Kopitar and loses puck.
0:57 of 3rd period - Icing by Johnny Gaudreau.
0:58 of 3rd period - Anze Kopitar wins face-off versus John Tavares in Devils zone.
1:09 of 3rd period - Slapshot by Jared Spurgeon.
1:09 of 3rd period - Stopped by Marc-Andre Fleury without a rebound.
1:10 of 3rd period - Patrice Bergeron wins face-off versus John Tavares in Red Wings zone.
1:11 of 3rd period - Wrist shot by Jeff Skinner.
1:11 of 3rd period - Shot Misses the Net.
1:37 of 3rd period - Torey Krug is hit by Mark Scheifele and loses puck.
1:44 of 3rd period - Snap shot by Mark Scheifele.
1:44 of 3rd period - Goal by Mark Scheifele - Devils : 1 - Red Wings : 4.
1:45 of 3rd period - Patrice Bergeron wins face-off versus Nick Bonino in neutral zone.
1:50 of 3rd period - Slapshot by Jeff Skinner.
1:50 of 3rd period - Shot Blocked by Duncan Keith.
2:00 of 3rd period - Wrist shot by Alex DeBrincat.
2:00 of 3rd period - Stopped by Marc-Andre Fleury without a rebound.
2:01 of 3rd period - Anze Kopitar wins face-off versus John Tavares in Red Wings zone.
2:28 of 3rd period - Patrice Bergeron is hit by Lars Eller.
4:39 of 3rd period - Slapshot by Brandon Carlo.
4:39 of 3rd period - Shot Blocked by Dylan DeMelo.
4:41 of 3rd period - Slapshot by Andrew Mangiapane.
4:41 of 3rd period - Stopped by Marc-Andre Fleury with a rebound.
4:43 of 3rd period - Wrist shot by Andrew Mangiapane.
4:43 of 3rd period - Shot Misses the Net.
4:57 of 3rd period - Wrist shot by John Tavares.
4:57 of 3rd period - Shot Blocked by Alex Goligoski.
5:01 of 3rd period - Wrist shot by John Tavares.
5:01 of 3rd period - Shot Misses the Net.
5:35 of 3rd period - Snap shot by Kyle Turris.
5:35 of 3rd period - Stopped by Marc-Andre Fleury with a rebound.
5:37 of 3rd period - Slapshot by Thomas Hickey.
5:37 of 3rd period - Shot Blocked by Noel Acciari.
6:01 of 3rd period - Wrist shot by Matthew Nieto.
6:01 of 3rd period - Shot Misses the Net.
6:31 of 3rd period - Johnny Gaudreau is hit by Duncan Keith.
6:32 of 3rd period - Icing by Johnny Gaudreau.
6:33 of 3rd period - Mark Scheifele wins face-off versus Anze Kopitar in Devils zone.
6:46 of 3rd period - David Pastrnak is hit by Brandon Carlo and loses puck.
7:03 of 3rd period - Snap shot by Alex DeBrincat.
7:03 of 3rd period - Shot Misses the Net.
7:05 of 3rd period - Slapshot by Torey Krug.
7:05 of 3rd period - Stopped by Marc-Andre Fleury with a rebound.
7:07 of 3rd period - Wrist shot by Alex DeBrincat.
7:07 of 3rd period - Stopped by Marc-Andre Fleury without a rebound.
7:08 of 3rd period - Jeff Skinner wins face-off versus John Tavares in Red Wings zone.
7:19 of 3rd period - Backhand shot by John Carlson.
7:19 of 3rd period - Shot Blocked by Kevin Connauton.
8:03 of 3rd period - Snap shot by Jeff Skinner.
8:03 of 3rd period - Shot Misses the Net.
8:05 of 3rd period - Snap shot by Patrice Bergeron.
8:05 of 3rd period - Shot Blocked by Jeff Petry.
8:23 of 3rd period - John Carlson is hit by Kevin Connauton and loses puck.
8:51 of 3rd period - Off-side.
8:52 of 3rd period - Mark Scheifele wins face-off versus Anze Kopitar in neutral zone.
9:05 of 3rd period - Snap shot by Anze Kopitar.
9:05 of 3rd period - Stopped by Marc-Andre Fleury without a rebound.
9:06 of 3rd period - Anze Kopitar wins face-off versus Nick Bonino in Red Wings zone.
9:07 of 3rd period - Wrist shot by Johnny Gaudreau.
9:07 of 3rd period - Deflect By Brayden Point.
9:07 of 3rd period - Shot Misses the Net.
9:07 of 3rd period - Puck is out of play.
9:08 of 3rd period - Nick Bonino wins face-off versus Anze Kopitar in Red Wings zone.
9:22 of 3rd period - Wrist shot by Nick Bonino.
9:22 of 3rd period - Shot Blocked by Brayden Point.
9:24 of 3rd period - Snap shot by Dylan DeMelo.
9:24 of 3rd period - Shot Blocked by Jared Spurgeon.
9:34 of 3rd period - Anze Kopitar is hit by Daniel Carr.
10:08 of 3rd period - Wrist shot by David Pastrnak.
10:08 of 3rd period - Goal by David Pastrnak - Devils : 1 - Red Wings : 5.
10:09 of 3rd period - Mark Scheifele wins face-off versus Patrice Bergeron in neutral zone.
10:49 of 3rd period - Snap shot by Anze Kopitar.
10:49 of 3rd period - Shot Blocked by Zdeno Chara.
11:01 of 3rd period - Snap shot by Kyle Turris.
11:01 of 3rd period - Shot Misses the Net.
11:03 of 3rd period - Wrist shot by Kyle Turris.
11:03 of 3rd period - Stopped by Marc-Andre Fleury without a rebound.
11:04 of 3rd period - Jeff Skinner wins face-off versus Brandon Dubinsky in Red Wings zone.
11:22 of 3rd period - Slapshot by Dylan DeMelo.
11:22 of 3rd period - Stopped by Sergei Bobrovsky with a rebound.
11:24 of 3rd period - Snap shot by Brandon Dubinsky.
11:24 of 3rd period - Shot Misses the Net.
11:26 of 3rd period - Slapshot by Oscar Lindberg.
11:26 of 3rd period - Deflect By Noel Acciari.
11:26 of 3rd period - Shot Hit the Post.
11:26 of 3rd period - Puck is out of play.
11:27 of 3rd period - Mark Scheifele wins face-off versus Anze Kopitar in Devils zone.
11:54 of 3rd period - John Carlson is hit by Alex DeBrincat and loses puck.
12:05 of 3rd period - Wrist shot by Nick Bonino.
12:05 of 3rd period - Deflect By Matthew Nieto.
12:05 of 3rd period - Stopped by Sergei Bobrovsky without a rebound.
12:06 of 3rd period - Anze Kopitar wins face-off versus John Tavares in Devils zone.
12:18 of 3rd period - Wrist shot by Brayden Point.
12:18 of 3rd period - Shot Blocked by Kasperi Kapanen.
12:18 of 3rd period - Kasperi Kapanen from Red Wings is injured at 12:18 of 3rd period (Strained Right Knee).
12:19 of 3rd period - Patrice Bergeron wins face-off versus Mark Scheifele in Red Wings zone.
12:25 of 3rd period - Snap shot by Alex DeBrincat.
12:25 of 3rd period - Stopped by Marc-Andre Fleury without a rebound.
12:26 of 3rd period - Patrice Bergeron wins face-off versus Mark Scheifele in Red Wings zone.
12:27 of 3rd period - Slapshot by Alex DeBrincat.
12:27 of 3rd period - Stopped by Marc-Andre Fleury with a rebound.
12:55 of 3rd period - Snap shot by Patrice Bergeron.
12:55 of 3rd period - Deflect By Mark Scheifele.
12:55 of 3rd period - Stopped by Marc-Andre Fleury without a rebound.
12:56 of 3rd period - John Tavares wins face-off versus Anze Kopitar in Red Wings zone.
12:56 of 3rd period - John Tavares is hit by Brandon Carlo.
13:29 of 3rd period - Noel Acciari is hit by Kevin Connauton.
13:58 of 3rd period - Jeff Petry is hit by Roope Hintz.
14:15 of 3rd period - Snap shot by Cal O'Reilly.
14:15 of 3rd period - Stopped by Marc-Andre Fleury without a rebound.
14:16 of 3rd period - Anze Kopitar wins face-off versus Nick Bonino in Red Wings zone.
14:36 of 3rd period - Icing by Sam Gagner.
14:37 of 3rd period - Jeff Skinner wins face-off versus Nick Bonino in Red Wings zone.
14:48 of 3rd period - Snap shot by Jeff Skinner.
14:48 of 3rd period - Deflect By Patrice Bergeron.
14:48 of 3rd period - Stopped by Marc-Andre Fleury with a rebound.
14:50 of 3rd period - Slapshot by Thomas Hickey.
14:50 of 3rd period - Shot Blocked by Nick Bonino.
14:52 of 3rd period - Slapshot by Patrice Bergeron.
14:52 of 3rd period - Stopped by Marc-Andre Fleury without a rebound.
14:53 of 3rd period - Anze Kopitar wins face-off versus Daniel Carr in Red Wings zone.
14:54 of 3rd period - Slapshot by Johnny Gaudreau.
14:54 of 3rd period - Deflect By Anze Kopitar.
14:54 of 3rd period - Stopped by Marc-Andre Fleury with a rebound.
14:56 of 3rd period - Snap shot by Anze Kopitar.
14:56 of 3rd period - Shot Misses the Net.
15:28 of 3rd period - Slapshot by Sam Steel.
15:28 of 3rd period - Stopped by Marc-Andre Fleury with a rebound.
15:48 of 3rd period - Snap shot by Torey Krug.
15:48 of 3rd period - Stopped by Marc-Andre Fleury without a rebound.
15:49 of 3rd period - Cal O'Reilly wins face-off versus John Tavares in Red Wings zone.
16:36 of 3rd period - Wrist shot by Brandon Dubinsky.
16:36 of 3rd period - Goal by Brandon Dubinsky - Devils : 1 - Red Wings : 6.
16:37 of 3rd period - Nick Bonino wins face-off versus Anze Kopitar in neutral zone.
17:29 of 3rd period - Sam Steel is hit by Mark Scheifele and loses puck.
17:42 of 3rd period - Minor Penalty to John Carlson for Tripping.
17:43 of 3rd period - Nick Bonino wins face-off versus Patrice Bergeron in Red Wings zone.
19:38 of 3rd period - Icing by Jared Spurgeon.
19:39 of 3rd period - Brandon Dubinsky wins face-off versus Anze Kopitar in Devils zone.
19:42 of 3rd period - Penalty to John Carlson is over, John Carlson is back on ice.
19:48 of 3rd period - Wrist shot by David Pastrnak.
19:48 of 3rd period - Shot Blocked by Jared Spurgeon.
Goals for this period are 0 for Devils vs 3 for Red Wings.
Shots for this period are 17 for Devils vs 6 for Red Wings. Output by the SimonT Hockey Simulator (STHS) for Eric Tremblay - Original Page W3C HTML5 Valid
Hockey Simulator - Hockey Simulation - Hockey Manager